 Dungeon Crawl Stone Soup version 0.23-a0-644-gb60d84b (webtiles) character file.

4683 Azzok the Prestidigitator (level 10, -14/81 HPs)
             Began as a Deep Dwarf Fighter on Jan 1, 2019.
             Was a Priest of Makhleb.
             Killed from afar by a wretched star (31 damage)
             ... with an orb of energy
             ... on level 1 of the Abyss.
             The game lasted 00:14:29 (5575 turns).

Azzok the Prestidigitator (Deep Dwarf Fighter)      Turns: 5575, Time: 00:14:30

Health: -14/81     AC: 17    Str: 23    XL:     10   Next: 21%
Magic:  19/19      EV:  4    Int:  9    God:    Makhleb [***...]
Gold:   188        SH:  9    Dex: 12    Spells: 9/9 levels left

rFire    . . .     SeeInvis .   a - +1 war axe
rCold    . . .     Gourm    +   c - +0 shield
rNeg     + . .     Faith    .   m - +0 plate armour (curse)
rPois    .         Spirit   .   s - +1 helmet
rElec    .         Reflect  .   r - +1 cloak {+Inv}
rCorr    .         Harm     .   u - +0 pair of gloves
MR       +....                  (no boots)
Stlth    ..........             F - amulet of the gourmand
HPRegen  0.00/turn              i - ring of positive energy
MPRegen  0.16/turn              p - +1 ring of protection

@: non-regenerating
A: damage resistance, heal wounds, sense surroundings 2, no regeneration
a: Heal Wounds, Minor Destruction, Lesser Servant of Makhleb, Renounce Religion,
Evoke Invisibility


You were on level 1 of the Abyss.
You worshipped Makhleb.
Makhleb was most pleased with you.
You were completely stuffed.

You visited 2 branches of the dungeon, and saw 9 of its levels.
You visited the Abyss 1 time.

You collected 380 gold pieces.
You spent 192 gold pieces at shops.

Inventory:

Hand Weapons
 a - a +1 war axe (weapon)
 H - a +0 flail of draining
Missiles
 g - 5 javelins of penetration (quivered)
Armour
 c - a +0 shield (worn)
 m - a cursed +0 plate armour (worn)
 r - a +1 cloak of invisibility (worn)
 s - a +1 helmet (worn)
 u - a +0 pair of gloves (worn)
Jewellery
 i - a ring of positive energy (left hand)
 p - a +1 ring of protection (right hand)
 F - an amulet of the gourmand (around neck)
Wands
 b - a wand of iceblast (7)
 w - a wand of flame (3)
 C - a wand of random effects (14)
 E - a wand of disintegration (9)
 G - a wand of enslavement (6)
Scrolls
 h - 11 scrolls of teleportation
 j - 3 scrolls of identify
 n - 2 scrolls of immolation
 q - 4 scrolls of remove curse
 t - 3 scrolls of fog
 y - a scroll of enchant weapon
 z - a scroll of magic mapping
 A - a scroll of fear
Potions
 d - 3 potions of might
 e - 3 potions of ambrosia
 k - a potion of agility
 l - 3 potions of lignification
 o - 3 potions of curing
 x - 2 potions of mutation {!q}
Comestibles
 f - 11 rations
 v - 11 chunks of flesh


   Skills:
 - Level 2.6 Fighting
 + Level 12.2 Axes
 - Level 3.2 Armour
 - Level 3.2 Shields
 + Level 12.4 Evocations


You had 9 spell levels left.
You didn't know any spells.
Your spell library was empty.

Dungeon Overview and Level Annotations

Branches:
Dungeon (8/15)             Temple (1/1) D:4            Lair (0/6) D:8

Altars:
Dithmenos
Fedhas
Makhleb
Nemelex Xobeh
Okawaru
Qazlal
Uskayaw
Vehumet
Xom
Zin
The Shining One

Shops:
D:7 !

Annotations:
D:7 Prince Ribbit
D:8 Psyche


Innate Abilities, Weirdness & Mutations

You are resistant to damage.
You can heal yourself by infusing magical energy.
You passively map the area around you.
You do not regenerate.


Message History

Unknown command.
Unknown command.
Unknown command.
Unknown command.
Unknown command.
Found a glowing purple potion.
n - 2 scrolls of immolation (gained 1)
There is an empty arch of ancient stone here.
z - a scroll of magic mapping The wretched star glows turbulently.
The orb of energy hits you!
* * * LOW HITPOINT WARNING * * *
The orb of energy explodes!
Found a gateway leading deeper into the Abyss.
Things that are here:
19 gold pieces; 29 stones You barely miss the wretched star.
The wretched star glows turbulently.
The orb of energy hits you!
You die...

▒··▒▒▒··▒· ······>··
▒········· ▒·
········· ·
▒▒········ ·
▒·········
▒·▒·········
▒·▒·@>·▒▒▒▒▒▒▒·▒·
·▒·▒▒··*··▒▒·· $···
·········∩········!·
▒·········▒▒········
·▒········▒▒···· ··▒
▒·········▒·········
▒·········▒▒·······▒
▒▒················
▒········▒▒·▒·· ··


You could see a wretched star.

Vanquished Creatures
  A two-headed ogre (D:8)
  Grinder (D:4)
  A hippogriff (D:7)
  4 yaks (D:8)
  A hungry ghost (D:8)
  3 porcupines (D:8)
  A sky beast (D:8)
  A hornet zombie (D:6)
  2 ogres (D:7)
  An ice beast (D:6)
  6 crocodiles
  3 centaurs
  2 bullfrogs
  A scorpion (D:8)
  2 howler monkeys
  A killer bee (D:7)
  4 crimson imps
  6 hounds
  A bullfrog zombie (D:7)
  A gnoll shaman (D:4)
  5 orc priests
  Crazy Yiuf (D:7)
  3 bullfrog skeletons
  2 iguanas
  3 orc wizards
  3 worker ants
  A killer bee zombie (D:6)
  13 adders
  11 gnolls
  A shadow imp (D:6)
  An ooze (D:2)
  2 adder skeletons
  An adder zombie (D:5)
  3 worms
  A dart slug (D:2)
  4 leopard geckos
  17 orcs
  6 giant cockroaches
  9 goblins
  4 hobgoblins
  21 jackals
  10 kobolds
  3 quokkas
  3 ball pythons
  5 bats
  8 frilled lizards
  A jackal skeleton (D:5)
  2 leopard gecko skeletons
  A quokka skeleton (D:7)
  5 rats
193 creatures vanquished.

Vanquished Creatures (collateral kills)
  2 killer bees (D:7)
2 creatures vanquished.

Vanquished Creatures (others)
  A killer bee (D:7)
  A fungus (D:8)
  2 plants (D:8)
4 creatures vanquished.

Grand Total: 199 creatures vanquished

Notes
Turn   | Place    | Note
-------+----------+-------------------------------------------
     0 | D:1      | Azzok the Deep Dwarf Fighter began the quest for the Orb.
     0 | D:1      | Reached XP level 1. HP: 20/20 MP: 1/1
   551 | D:2      | Reached XP level 2. HP: 25/27 MP: 2/2
   761 | D:2      | Reached XP level 3. HP: 27/33 MP: 3/3
  1129 | D:2      | Reached XP level 4. HP: 33/40 MP: 4/4
  1221 | D:3      | Reached skill level 5 in Axes
  1899 | D:3      | Reached XP level 5. HP: 21/46 MP: 5/5
  2150 | D:3      | Reached skill level 1 in Evocations
  2191 | D:4      | Found a blossoming altar of Fedhas.
  2194 | D:4      | Found an iron altar of Okawaru.
  2248 | D:4      | Found a staircase to the Ecumenical Temple.
  2263 | Temple   | Entered the Ecumenical Temple
  2282 | Temple   | Became a worshipper of Makhleb the Destroyer
  2325 | D:4      | HP: 2/46 [orc priest/divine providence (12)]
  2331 | D:4      | Reached XP level 6. HP: 25/55 MP: 7/7
  2850 | D:5      | Entered Level 5 of the Dungeon
  2895 | D:5      | Noticed Grinder
  2925 | D:4      | Killed Grinder
  2925 | D:4      | Reached XP level 7. HP: 29/61 MP: 8/10
  2948 | D:5      | Reached skill level 5 in Evocations
  3109 | D:5      | Reached * piety under Makhleb
  3131 | D:5      | Noticed an angel
  3133 | D:5      | Found a shimmering altar of Xom.
  3133 | D:5      | Found a glowing silver altar of Zin.
  3483 | D:5      | Reached XP level 8. HP: 29/68 MP: 11/13
  3782 | D:6      | Found a sparkling altar of Nemelex Xobeh.
  4174 | D:6      | Reached ** piety under Makhleb
  4354 | D:7      | Noticed Prince Ribbit
  4362 | D:7      | Noticed a hippogriff
  4369 | D:7      | Killed a hippogriff
  4369 | D:7      | Reached skill level 10 in Axes
  4563 | D:7      | Gained mutation: You passively map the area around you.
                  | [Deep Dwarf growth]
  4563 | D:7      | Reached XP level 9. HP: 35/74 MP: 16/16
  4650 | D:7      | Found Turiely's Distillery.
  4655 | D:7      | Bought 2 potions of ambrosia for 192 gold pieces
  4784 | D:7      | Reached skill level 10 in Evocations
  4978 | D:7      | Found a runed door.
  5137 | D:7      | Noticed Crazy Yiuf
  5140 | D:7      | Killed Crazy Yiuf
  5328 | D:8      | Found a staircase to the Lair.
  5342 | D:8      | Reached *** piety under Makhleb
  5470 | D:8      | Noticed a two-headed ogre
  5472 | D:8      | Killed a two-headed ogre
  5472 | D:8      | Reached XP level 10. HP: 46/81 MP: 17/19
  5555 | D:8      | Noticed Psyche
  5562 | D:8      | Cast into level 1 of the Abyss (Psyche)
  5572 | Abyss:1  | Noticed a wretched star
  5575 | Abyss:1  | Killed from afar by a wretched star

Vault maps used:
D:1:      sevenhm_arrival_forest_fort_small_5, minmay_shallow_snake_nest
D:2:      minmay_heptomino_o4
D:3:      first_ration
D:4:      grunt_temple_overflow_open, temple_doors_e
D:5:      grunt_temple_overflow_order_and_chaos_1, uniq_grinder
D:6:      nemelex_xobeh_ov_fountains_minmay
D:7:      serial_shops, nicolae_shop_competitors_out_of_business,
          uniq_crazy_yiuf_cottage, uniq_prince_ribbit1
D:8:      minmay_lair_entry_grove, enter_bailey_3, grunt_pizzeria, uniq_psyche
Temple:   eino_temple_scatter_basement

Skill      XL: |  1  2  3  4  5  6  7  8  9 |
---------------+----------------------------+-----
Axes           | 3 4 5 6 7 8 10 12 | 12.2
Evocations     | 2 4 6 9 12 | 12.4
Fighting       | |  2.6
Armour         | |  3.2
Shields        | |  3.2

Action                   |  1- 3 |  4- 6 |  7- 9 | 10-12 || total
-------------------------+-------+-------+-------+-------++-------
Melee: War axe           |   107 |   292 |   430 |    51 ||   880
 Abil: Heal Wounds       |     1 |     4 |     2 |       ||     7
Evoke: Wand              |       |     5 |    16 |     1 ||    22
  Use: Scroll            |       |       |    17 |     1 ||    18
  Eat: Chunk             |     1 |     6 |    32 |       ||    39
Armor: Scale mail        |    47 |   117 |    95 |       ||   259
       Chain mail        |       |       |    39 |       ||    39
       Plate armour      |       |       |    40 |    35 ||    75
Dodge: Dodged            |    36 |    78 |    88 |     4 ||   206
Block: Shield            |    73 |   147 |   189 |    21 ||   430

Table legend:
 A = Non-vault XP
 B = Vault XP
 C = Vault XP percentage of total XP
 D = Non-vault monster count
 E = Vault monster count
 F = Vault count percentage of total count
                 A         B        C        D         E       F
            +---------+---------+-------+---------+---------+-------
      Total |    4679 |    2011 |  30.1 |     178 |      17 |   8.7
            +---------+---------+-------+---------+---------+-------
        D:1 |      28 |       0 |   0.0 |       9 |       0 |   0.0
        D:2 |      76 |       4 |   5.0 |      24 |       3 |  11.1
        D:3 |     147 |       0 |   0.0 |      39 |       0 |   0.0
        D:4 |     347 |     272 |  43.9 |      21 |       1 |   4.5
        D:5 |     637 |       0 |   0.0 |      27 |       0 |   0.0
        D:6 |     780 |       0 |   0.0 |      21 |       0 |   0.0
        D:7 |    1011 |      39 |   3.7 |      24 |       1 |   4.0
        D:8 |    1653 |    1696 |  50.6 |      13 |      12 |  48.0
            +---------+---------+-------+---------+---------+-------
